 Dungeon Crawl Stone Soup version 0.26-a0-710-g95a0c6c400 (webtiles) character file.

Game seed: 16516488368575716607

107 robertstho the Skirmisher (level 4, -1/42 HPs)
             Began as a Minotaur Berserker on Oct 30, 2020.
             Was a Believer of Trog.
             Slain by an orc wizard
             ... wielding a +0 dagger
              (5 damage)
             ... on level 3 of the Dungeon.
             The game lasted 00:02:18 (1945 turns).

robertstho the Skirmisher (Minotaur Berserker)      Turns: 1945, Time: 00:02:19

Health: -1/42      AC:  3    Str: 22    XL:     4   Next: 56%
Magic:  3/3        EV: 12    Int:  5    God:    Trog [**....]
Gold:   98         SH:  0    Dex:  9    Spells: 3/3 levels left

rFire    . . .     SeeInvis .   a - +0 hand axe
rCold    . . .     Faith    .   (no shield)
rNeg     . . .     Spirit   .   b - +0 animal skin
rPois    .         Reflect  .   (helmet restricted)
rElec    .         Harm     .   (no cloak)
rCorr    .         Rampage  .   p - +0 pair of gloves
MR       .....                  (no boots)
Stlth    +.........             s - amulet of regeneration
HPRegen  0.54/turn              (no ring)
MPRegen  0.08/turn              (no ring)

@: no status effects
A: retaliatory headbutt, horns 2
a: Berserk, Trog's Hand, Renounce Religion


You were on level 3 of the Dungeon.
You worshipped Trog.
Trog was pleased with you.
You visited 1 branch of the dungeon, and saw 3 of its levels.

You collected 98 gold pieces.

Inventory:

Hand Weapons
 a - a +0 hand axe (weapon)
Missiles
 r - 9 poisoned darts (quivered)
Armour
 b - a +0 animal skin (worn)
 p - a +0 pair of gloves (worn)
Jewellery
 s - an amulet of regeneration (around neck)
Scrolls
 c - a scroll of remove curse {unknown}
 d - 2 scrolls of identify
 e - a scroll of magic mapping {unknown}
 h - a scroll of enchant weapon {unknown}
 i - a scroll of blinking {unknown}
 j - a scroll of fog {unknown}
 l - 2 scrolls of teleportation {unknown}
 o - a scroll of random uselessness {unknown}
Potions
 f - 2 potions of brilliance {unknown}
 g - 4 potions of heal wounds {unknown}
 k - a potion of magic
 m - a potion of might
 n - a potion of curing {unknown}
 q - 2 potions of stabbing


   Skills:
 * Level 5.0 Fighting
 + Level 4.6 Axes
 * Level 3.0 Armour
 + Level 2.7 Dodging
 + Level 0.2 Stealth


You had 3 spell levels left.
You didn't know any spells.
Your spell library was empty.

Dungeon Overview and Level Annotations

Branches:
Dungeon (3/15)

Altars:


Innate Abilities, Weirdness & Mutations

You reflexively headbutt those who attack you in melee.
You have a pair of horns on your head.


Message History

A puff of flame appears from out of thin air!
The puff of flame hits you!
You hit something. Something hits you but does no damage.
You hit something. Your headbutt misses something. Something hits you.
You hit something. Something hits you.
You hit something. Your headbutt misses something.
You hear some strange, mumbled words.
You closely miss something. Something hits you. x2
You miss something. Something hits you.
You closely miss something. Your headbutt misses something.
You hear some strange, mumbled words.
A puff of frost appears from out of thin air!
The puff of frost hits you.
* * * LOW HITPOINT WARNING * * *
You hit something but do no damage. Something hits you.
* * * LOW HITPOINT WARNING * * *
Something hits you.
* * * LOW HITPOINT WARNING * * *
You barely miss something. Your headbutt misses something. Something hits you.
You die...

#.##.....# ##.##
#.......## #.#
####.#### #.#
#...# #+## ###.#
#...## #.#
##.....## ##.##
##)......#
##...####.........
#.......')@.......
##...####.{.......
##.## ##†......#
#.# ##.....## #.#
#...## #.# ..## #.
..# ..#


There were no monsters in sight!

Vanquished Creatures
  4 adders
  An ooze (D:2)
  A worm (D:2)
  3 dart slugs
  A leopard gecko (D:2)
  4 orcs (D:3)
  4 giant cockroaches (D:2)
  5 hobgoblins
  11 kobolds
  A quokka (D:2)
  6 bats
  4 frilled lizards
  3 goblins
  5 rats
53 creatures vanquished.

Vanquished Creatures (others)
  4 plants (D:2)
4 creatures vanquished.

Grand Total: 57 creatures vanquished

Notes
Turn   | Place    | Note
-------+----------+-------------------------------------------
     0 | D:1      | robertstho the Minotaur Berserker began the quest for the
                  | Orb.
     0 | D:1      | Reached XP level 1. HP: 19/19 MP: 0/0
    51 | D:1      | Reached skill level 4 in Fighting
    53 | D:1      | Reached XP level 2. HP: 13/27 MP: 1/1
   973 | D:2      | Reached ** piety under Trog
   973 | D:2      | Reached XP level 3. HP: 19/34 MP: 2/2
  1402 | D:2      | Reached XP level 4. HP: 16/41 MP: 3/3
  1884 | D:3      | Found a faded altar of an unknown god.
  1924 | D:3      | Reached skill level 5 in Fighting
  1945 | D:3      | Slain by an orc wizard

Illustrated notes

Levels and vault maps discovered:
D:1:      nzn_arrival_water_spiral, layout_basic
D:2:      cheibrodos_old_hovel, layout_rooms
D:3:      layout_loops_corners, hangedman_ru_absence, tso_metal_star,
          chequers_ecumenical_altar_simple, roderic_serpentine_path,
          okawaru_altar_gauntlet_db, uniq_ijyb, uniq_natasha

Skill      XL: |  1  2  3  4 |
---------------+-------------+-----
Fighting       | 4 5 |  5.0
Axes           | 4 |  4.6
Armour         | 3 |  3.0
Dodging        | |  2.7
Stealth        | |  0.2

Action                   |  1- 3 |  4- 6 || total
-------------------------+-------+-------++-------
Melee: Hand axe          |    75 |    51 ||   126
       Headbutt          |    12 |     3 ||    15
Invok: Berserk           |     3 |     1 ||     4
  Use: Scroll            |       |     5 ||     5
Armor: Animal skin       |    15 |    10 ||    25
Dodge: Dodged            |    55 |    30 ||    85

Table legend: (Time is in decaauts)
 A = Elapsed time spent in this place.
 B = Non-inter-level travel time spent in this place.
 C = Inter-level travel time spent in this place.
 D = Time resting spent in this place.
 E = Time spent auto-exploring this place.
 F = Levels seen in this place.
 G = Mean time per level.
                   A        B        C        D        E       F      G
               +--------+--------+--------+--------+--------+-----+--------+
         Total |   2010 |   1980 |     30 |      0 |   1651 |   3 |  670.0 |
       Dungeon |   2010 |   1980 |     30 |      0 |   1651 |   3 |  670.0 |
               +--------+--------+--------+--------+--------+-----+--------+

Top non-repeatable levels by time:
     D:1: 984 daAuts
     D:2: 956 daAuts
     D:3: 69 daAuts
